AoeStats
← makrimonos

Baltic

510855692Analyzed
3v3 RM · 24h ago on Oct 2, 2026· 79m 20s· 6 players
Game mode
Random Map
Map size
Normal (6 player)
Population
200
Speed
Normal
Resources
Standard
Victory
Conquest
Starting age
Dark Age
Ending age
Imperial Age
RankedLock teamsTeams togetherTeam positionsShared explorationLock speedFull tech treeHidden civsTurbo modeCheats
Victory
Defeat
🇬🇧 Italians · United Kingdom
1048
+17
🇩🇪 Koreans · Germany
1048
+17
🇹🇷 Vikings · Türkiye
1036
+18
🇹🇷 Varangians · Türkiye
1098
-18
🇹🇷 Goths · Türkiye
1071
-17
🇹🇷 Mongols · Türkiye
1066
-17
[doGs] Charlie the Bird.
3:08 Loom
13:20 Feudal Age
18:46 Castle Age
18:16 Double-Bit Axe
18:49 Stone Mining
18:57 Town Watch
19:04 Fletching
21:29 Fishing Lines
22:23 Ballistics
25:10 Wheelbarrow
28:22 Fervor
32:25 Fortified Wall
34:00 Hand Cart
33:59 Eupseong
34:38 Murder Holes
39:17 Imperial Age
37:08 Masonry
37:35 Gillnets
37:59 Medium Warships
38:09 Treadmill Crane
38:27 Bodkin Arrow
38:42 Forging
38:33 Scale Mail Armor
38:25 Gold Mining
38:17 Horse Collar
38:50 Bow Saw
39:32 Thumb Ring
41:01 Heavy Plow
41:04 Bracer
41:40 Iron Casting
41:21 Chain Mail Armor
40:28 Pikeman
41:09 Squires
40:54 Arson
42:12 Chemistry
41:34 Shipwright
42:28 Conscription
41:56 Elite Turtle Ship
43:04 Heavy Warships
46:31 Elite Cannon Galleon
47:38 Halberdier
50:54 Heated Shot
51:11 Siege Engineers
50:52 Arrowslits
51:39 Architecture
50:57 Arrowslits
51:05 Heated Shot
51:26 Careening
51:27 Clinker Construction
51:28 Heavy Rocket Cart
56:05 Elite Skirmisher
57:20 Plate Mail Armor
56:57 Town Patrol
57:20 Carvel Hull
57:20 Dry Dock
57:06 Siphons
58:53 Husbandry
58:14 Light Cavalry
58:14 Cavalier
59:57 Hussar
60:59 Caravan
61:30 Coinage
61:10 Guilds
62:00 Shinkichon
66:43 Two-Man Saw
67:12 Scale Barding Armor
67:20 Incendiaries
66:42 Man-at-Arms
makrimonos
15:16 Feudal Age
15:45 Double-Bit Axe
18:30 Fishing Lines
22:11 Castle Age
24:55 Scale Mail Armor
25:06 Forging
32:50 Bow Saw
32:33 Gold Mining
33:34 Gillnets
34:41 Arson
34:56 Squires
35:20 Chain Mail Armor
43:19 Iron Casting
42:26 Horse Collar
43:34 Chieftains
45:26 Heavy Plow
46:37 Gold Shaft Mining
49:04 Imperial Age
46:29 Fletching
46:40 Padded Archer Armor
47:25 Bodkin Arrow
47:36 Crossbowman
49:11 Leather Archer Armor
49:46 Bracer
50:47 Blast Furnace
50:17 Plate Mail Armor
49:18 Arbalester
52:27 Bogsveigar
53:31 Ballistics
54:12 Chemistry
56:37 Conscription
57:15 Caravan
57:34 Elite Skirmisher
60:00 Pikeman
61:21 Ring Archer Armor
67:29 Elite Berserk
67:38 Man-at-Arms
70:58 Long Swordsman
75:43 Two-Handed Swordsman
77:47 Champion
theLamb42
2:14 Loom
11:00 Feudal Age
11:54 Fishing Lines
16:34 Castle Age
19:16 Double-Bit Axe
20:26 Gold Mining
20:38 Padded Archer Armor
20:29 Fletching
22:07 Leather Archer Armor
23:26 Pikeman
25:43 Wheelbarrow
24:50 Horse Collar
25:09 Bodkin Arrow
26:44 Gillnets
32:17 Imperial Age
29:14 Man-at-Arms
31:43 Long Swordsman
32:27 Squires
33:20 Heavy Plow
33:21 Bracer
33:51 Ring Archer Armor
35:22 Ballistics
36:02 Chemistry
35:18 Forging
35:08 Scale Mail Armor
35:13 Scale Barding Armor
38:35 Two-Handed Swordsman
40:34 Iron Casting
39:59 Scale Mail Armor
39:58 Murder Holes
40:43 Caravan
42:42 Blast Furnace
41:06 Champion
43:08 Pirotechnia
44:30 Thumb Ring
46:13 Elite Genoese Crossbowman
48:01 Bow Saw
55:13 Hand Cart
55:31 Ring Archer Armor
55:07 Scale Barding Armor
55:17 Chain Mail Armor
58:59 Plate Mail Armor
omerdurdu
11:41 Feudal Age
16:28 Castle Age
14:40 Double-Bit Axe
15:01 Horse Collar
15:34 Stone Mining
16:03 Gold Mining
21:24 Bow Saw
22:31 Heavy Plow
24:33 Wheelbarrow
25:42 Hand Cart
28:47 Forging
28:38 Scale Mail Armor
28:49 Scale Barding Armor
31:21 Imperial Age
28:38 Town Watch
30:08 Anarchy
30:54 Squires
30:17 Pikeman
32:00 Iron Casting
31:41 Chain Mail Armor
32:17 Perfusion
32:38 Conscription
32:13 Halberdier
34:43 Chemistry
33:57 Masonry
34:10 Ballistics
34:53 Blast Furnace
34:37 Caravan
36:26 Scale Barding Armor
36:22 Padded Archer Armor
37:01 Capped Ram
45:48 Loom
45:27 Elite Huskarl
49:12 Crop Rotation
49:45 Two-Man Saw
Ateshbey
9:15 Loom
11:00 Feudal Age
14:27 Wheelbarrow
14:15 Double-Bit Axe
15:59 Horse Collar
27:19 Castle Age
28:58 Stone Mining
29:28 Hand Cart
29:02 Town Watch
30:10 Bloodlines
30:01 Husbandry
29:23 Light Cavalry
32:58 Bow Saw
33:57 Nomads
38:32 Ballistics
38:23 Gold Mining
41:10 Imperial Age
42:43 Town Patrol
43:59 Parthian Tactics
43:02 Hussar
44:49 Conscription
44:53 Drill
45:23 Scale Barding Armor
45:37 Forging
45:18 Fletching
45:29 Padded Archer Armor
45:23 Elite Mangudai
46:38 Capped Ram
48:53 Bodkin Arrow
49:15 Leather Archer Armor
49:50 Heavy Plow
50:05 Siege Ram
50:48 Elite Skirmisher
53:16 Bracer
53:52 Iron Casting
53:38 Chain Barding Armor
65:27 Caravan
65:54 Pikeman
66:35 Squires
66:20 Arson
66:47 Scale Mail Armor
69:04 Hoardings
Eşeyinziki
2:07 Loom
12:06 Feudal Age
16:39 Castle Age
16:38 Double-Bit Axe
19:45 Squires
20:29 Bow Saw
23:47 Forging
24:44 Gold Mining
32:39 Husbandry
39:06 Fletching
40:16 Stone Mining
43:07 Imperial Age
41:17 Wheelbarrow
44:04 Hand Cart
45:52 Iron Casting
45:18 Scale Mail Armor
45:24 Scale Barding Armor
50:09 Two-Man Saw
48:53 Horse Collar
50:55 Elite Jarl
52:54 Light Cavalry
53:44 Bloodlines
53:41 Hussar
55:50 Chain Barding Armor
55:47 Chain Mail Armor
56:32 Blast Furnace
59:31 Pikeman
60:39 Halberdier
Connection lost

Rejoining the realm…

Still unreachable

The connection could not be restored.

Session expired

The server has moved on; the page needs a fresh start.